[Event "Titled Tuesday Blitz June 6 Early 2023"]
[White "Atakhan, Abtin"]
[Black "Gatterer, Florian"]
[WhiteFideId "22502203"]
[BlackFideId "811688"]
[WhiteElo "2008"]
[BlackElo "2221"]
[Result "1/2-1/2"]
[Round "2"]
[TimeControl "180+2"]
[Date "2023.06.06"]
[WhiteClock "0:00:12"]
[BlackClock "0:00:06"]
[Board "118"]

1. Nf3 c6 2. c4 d5 3. e3 Nf6 4. d4 g6 5. Nc3 Bg7 6. Be2 O-O 7. O-O Bg4 8. b3 Nbd7 9. cxd5 Nxd5 10. Nxd5 cxd5 11. Bd2 Re8 12. Rc1 Qb6 13. h3 Bxf3 14. Bxf3 e6 15. Qc2 Rec8 16. Qxc8+ Rxc8 17. Rxc8+ Bf8 18. Rfc1 Kg7 19. Be2 Nf6 20. Bd3 Bb4 21. Bxb4 Qxb4 22. R8c2 a6 23. Kf1 h5 24. Ke2 h4 25. Rc7 Ne4 26. Bxe4 dxe4 27. f3 exf3+ 28. Kxf3 Qd6 29. R1c2 Kf6 30. Ke4 Qd5+ 31. Kd3 Qb5+ 32. Kc3 e5 33. Rf2+ Kg5 34. Rcxf7 exd4+ 35. exd4 Qa5+ 36. Kb2 Qd5 37. R7f4 b5 38. Rg4+ Kh5 39. Re2 Kh6 40. Rxh4+ Kg7 41. Rhe4 b4 42. Re7+ Kh6 43. R7e4 Qc6 44. R2e3 a5 45. g4 Kg5 46. Re5+ Kh6 47. Rc5 Qg2+ 48. Rc2 Qd5 49. Rd3 Qe4 50. Rcd2 Qd5 51. Re3 Qg5 52. Rdd3 Qd5 53. Re2 Kg7 54. Rdd2 Kh6 55. Re5 Qf3 56. Rc5 a4 57. bxa4 Qa3+ 58. Kb1 b3 59. axb3 Qxb3+ 60. Kc1 Qa3+ 61. Kd1 Qxa4+ 62. Rcc2 Qa1+ 63. Ke2 Qa6+ 64. Rd3 Qe6+ 65. Kd2 Qd5 66. Rc5 Qa2+ 67. Ke3 Qe6+ 68. Re5 Qb6 69. Rc3 Qa7 70. Ke4 Qb7+ 71. Ke3 Qa7 72. Rec5 Qb7 73. d5 Qe7+ 74. Kd4 Qf6+ 75. Kc4 Qa6+ 76. Kb3 Qb6+ 77. Ka4 Qd6 78. Kb5 Qd7+ 79. Kc4 Qa4+ 80. Kd3 Qa6+ 81. Ke4 Qd6 82. Rc6 Qe7+ 83. Re6 Qb4+ 84. Kd3 Qb5+ 85. Kd4 Qb4+ 86. Rc4 Qb2+ 87. Kc5 Qa3+ 88. Kc6 Qa6+ 89. Kc5 Qa3+ 90. Rb4 Qa5+ 91. Kc4 Qa2+ 92. Rb3 Qa4+ 93. Kc3 Qa1+ 94. Kb4 Qd4+ 95. Ka3 Qxd5 96. Rbb6 Qa5+ 97. Kb3 Qd5+ 98. Ka3 Qd3+ 99. Kb4 Qd4+ 100. Kb5 Qd5+ 101. Ka6 Qa8+ 102. Kb5 Qd5+ 103. Kb4 Qd4+ 104. Kb3 Qd3+ 105. Ka4 Qd4+ 106. Ka5 Qd5+ 107. Kb4 Qd4+ 1/2-1/2


[Site "https://www.chess.com"]

[Event "Titled Tuesday Blitz June 6 Early 2023"]
[White "Vivas Zamora, Fabian Ernesto"]
[Black "Harsh Suresh"]
[WhiteFideId "3902480"]
[BlackFideId "45018464"]
[WhiteElo "2244"]
[BlackElo "2209"]
[Result "0-1"]
[Round "2"]
[TimeControl "180+2"]
[Date "2023.06.06"]
[WhiteClock "0:00:04"]
[BlackClock "0:01:00"]
[Board "119"]

1. e4 b6 2. d4 Bb7 3. Nc3 e6 4. Bd3 g6 5. Nf3 Bg7 6. h4 h6 7. Bf4 d6 8. Qd2 Nd7 9. O-O-O a6 10. Kb1 b5 11. Rhe1 Ne7 12. Qe3 Qb8 13. Nd2 Qa7 14. Nb3 Qb6 15. a4 Bc6 16. a5 Qa7 17. Na2 Bb7 18. Nb4 c5 19. dxc5 dxc5 20. Bxb5 axb5 21. Rxd7 Kxd7 22. Nxc5+ Ke8 23. Bc7 Rc8 24. Bb6 Qa8 25. Qd3 Bc6 26. Qd6 Qb8 27. Qd3 Qe5 28. Rd1 Qxb2# 0-1


[Site "https://www.chess.com"]

[Event "Titled Tuesday Blitz June 6 Early 2023"]
[White "Begunov, Konstantin"]
[Black "Fier, Alexandr"]
[WhiteFideId "4118510"]
[BlackFideId "2107139"]
[WhiteElo "1993"]
[BlackElo "2610"]
[Result "1-0"]
[Round "2"]
[TimeControl "180+2"]
[Date "2023.06.06"]
[WhiteClock "0:00:19"]
[BlackClock "0:01:01"]
[Board "120"]

1. d4 Nf6 2. c4 c5 3. Nf3 cxd4 4. Nxd4 e5 5. Nb5 d5 6. cxd5 Bc5 7. d6 O-O 8. Nc7 Ne4 9. e3 Qf6 10. Qc2 Bf5 11. Bd3 Bb4+ 12. Nc3 Qxd6 13. Nxa8 Nxc3 14. Bxf5 Nd5+ 15. Bd2 Nc6 16. O-O Rxa8 17. Bxh7+ Kh8 18. Be4 Nf6 19. Bxc6 Bxd2 20. Bxb7 Rb8 21. Rfd1 Rxb7 22. Qc8+ Kh7 23. Qxb7 e4 24. Qc8 g6 25. Qc2 Ng4 26. g3 Ne5 27. Qxe4 f5 28. Qb7+ Kh6 29. Rac1 Qd3 30. Rc7 Qe2 31. Rh7+ Kg5 32. Qe7+ Kg4 33. Qh4+ 1-0


[Site "https://www.chess.com"]

[Event "Titled Tuesday Blitz June 6 Early 2023"]
[White "Kukhmazov, Arsen"]
[Black "Tarasova, Viktoriya"]
[WhiteFideId "24108260"]
[BlackFideId "4175840"]
[WhiteElo "2396"]
[BlackElo "2182"]
[Result "1-0"]
[Round "2"]
[TimeControl "180+2"]
[Date "2023.06.06"]
[WhiteClock "0:00:15"]
[BlackClock "0:00:02"]
[Board "121"]

1. d4 Nf6 2. c4 e6 3. Nf3 b6 4. a3 Bb7 5. Nc3 d5 6. Bg5 Be7 7. Bxf6 Bxf6 8. cxd5 exd5 9. g3 O-O 10. Bg2 Nd7 11. O-O Re8 12. Rc1 Nf8 13. e3 Ne6 14. b4 a6 15. Ne5 c5 16. bxc5 bxc5 17. Rb1 Rb8 18. Nf3 cxd4 19. Nxd4 Nxd4 20. exd4 Qd6 21. Rb3 Bc6 22. Bf3 Rxb3 23. Qxb3 Rb8 24. Qa2 Bxd4 25. Nxd5 Rd8 26. Rd1 Bxd5 27. Bxd5 Qxd5 28. Qe2 a5 29. Rb1 h6 30. Rb5 Qc6 31. Rxa5 Bc3 32. Ra6 Qb7 33. h4 Rd2 34. Qe8+ Kh7 35. Rc6 Bf6 36. Qe4+ g6 37. Qf3 Qb1+ 38. Kg2 Rd1 39. Rxf6 Rg1+ 40. Kh2 Kg8 41. Rxf7 1-0


[Site "https://www.chess.com"]

[Event "Titled Tuesday Blitz June 6 Early 2023"]
[White "Sokolovsky, Yahli"]
[Black "Dwilewicz, Katarzyna"]
[WhiteFideId "2820242"]
[BlackFideId "1148486"]
[WhiteElo "2389"]
[BlackElo "2098"]
[Result "1-0"]
[Round "2"]
[TimeControl "180+2"]
[Date "2023.06.06"]
[WhiteClock "0:00:32"]
[BlackClock "0:00:02"]
[Board "122"]

1. b3 e5 2. Bb2 Nc6 3. e3 Nf6 4. Nf3 Bd6 5. d4 e4 6. Nfd2 O-O 7. c4 Re8 8. Nc3 Bf8 9. d5 Ne5 10. Qc2 d6 11. Ncxe4 Bf5 12. Nxf6+ Qxf6 13. Qc3 Qg6 14. Nf3 Nxf3+ 15. gxf3 a5 16. O-O-O a4 17. Bd3 Bxd3 18. Qxd3 axb3 19. Qxg6 hxg6 20. axb3 f6 21. Kc2 g5 22. Ra1 Kf7 23. Rxa8 Rxa8 24. h4 gxh4 25. Rxh4 Be7 26. Rh1 b6 27. e4 Rg8 28. f4 g5 29. Rh7+ Kf8 30. fxg5 Rxg5 31. Rh8+ Kf7 32. Rc8 Rg2 33. Bd4 Rg4 34. Kd3 Rh4 35. Rxc7 Rh3+ 36. Kc2 Rf3 37. Bxb6 Rf4 38. Kd3 Rf3+ 39. Be3 Kf8 40. b4 f5 41. exf5 Rxf5 42. b5 Bd8 43. b6 Bxc7 44. bxc7 1-0


[Site "https://www.chess.com"]

[Event "Titled Tuesday Blitz June 6 Early 2023"]
[White "Lopez Del Alamo, Antonio"]
[Black "Weetik, Vjacheslav"]
[WhiteFideId "2227339"]
[BlackFideId "4153472"]
[WhiteElo "2175"]
[BlackElo "2469"]
[Result "0-1"]
[Round "2"]
[TimeControl "180+2"]
[Date "2023.06.06"]
[WhiteClock "0:00:02"]
[BlackClock "0:00:39"]
[Board "123"]

1. e4 c6 2. d4 d5 3. exd5 cxd5 4. Bd3 Nc6 5. c3 g6 6. Nf3 Bf5 7. Be2 Bg7 8. O-O Nf6 9. Re1 O-O 10. Nbd2 Ne4 11. Nf1 f6 12. Ne3 Bc8 13. Nd2 f5 14. Bf3 e6 15. Ndf1 g5 16. Bxe4 dxe4 17. Nc4 b5 18. Na3 a6 19. f3 e5 20. d5 Ne7 21. fxe4 fxe4 22. Ne3 Bb7 23. c4 Rc8 24. b3 bxc4 25. bxc4 Ng6 26. g3 Nf4 27. gxf4 exf4 28. Ng2 Bxa1 29. Bd2 Bg7 30. Rxe4 f3 31. Ne3 f2+ 32. Kf1 Qd7 33. Qg4 Qa4 0-1


[Site "https://www.chess.com"]

[Event "Titled Tuesday Blitz June 6 Early 2023"]
[White "qx4z"]
[Black "Xie, Bryan"]
[BlackFideId "30941296"]
[WhiteElo "2740"]
[BlackElo "2033"]
[Result "1-0"]
[Round "2"]
[TimeControl "180+2"]
[Date "2023.06.06"]
[WhiteClock "0:01:17"]
[BlackClock "0:00:02"]
[Board "124"]

1. d4 Nf6 2. Bf4 e6 3. e3 b6 4. Qf3 Nc6 5. Nc3 Bb7 6. O-O-O Be7 7. g4 h6 8. Nge2 Na5 9. e4 d5 10. e5 Nd7 11. Ng3 c5 12. h4 cxd4 13. Nb5 a6 14. Nxd4 Bxh4 15. Nh5 O-O 16. Qh3 g5 17. Bg3 Nc6 18. Bxh4 gxh4 19. Qe3 Qg5 20. f4 Qe7 21. Nxc6 Bxc6 22. g5 hxg5 23. fxg5 d4 24. Rxd4 Bxh1 25. Rxd7 Qxd7 26. Nf6+ Kg7 27. Nxd7 Rfd8 28. Nf6 Rac8 29. Bd3 Bc6 30. g6 fxg6 31. Qg5 Kf7 32. Qxg6+ 1-0


[Site "https://www.chess.com"]

[Event "Titled Tuesday Blitz June 6 Early 2023"]
[White "Tristan, Leonardo"]
[Black "Sargissyan, Sargis"]
[WhiteFideId "113816"]
[BlackFideId "13303210"]
[WhiteElo "2461"]
[BlackElo "2109"]
[Result "1-0"]
[Round "2"]
[TimeControl "180+2"]
[Date "2023.06.06"]
[WhiteClock "0:00:42"]
[BlackClock "0:00:01"]
[Board "125"]

1. d4 Nf6 2. Nf3 g6 3. Bf4 Bg7 4. e3 O-O 5. Be2 d6 6. O-O Nc6 7. c3 Nh5 8. Bg5 h6 9. Bh4 g5 10. Nfd2 gxh4 11. Bxh5 h3 12. g3 e5 13. d5 Ne7 14. c4 f5 15. Nc3 f4 16. e4 Kh8 17. Bg4 Ng8 18. Bxc8 Rxc8 19. Qg4 Qg5 20. Qxg5 hxg5 21. g4 f3 22. Kh1 Rf4 23. Rg1 Nh6 24. Rg3 Nxg4 25. Rxh3+ Kg8 26. Kg1 Rcf8 27. Nb5 R8f7 28. Nxa7 Nf6 29. Rxf3 Rxf3 30. Nxf3 Nxe4 31. Re1 Nxf2 32. Nxg5 Rf5 33. Ne6 Nh3+ 34. Kg2 Nf4+ 35. Nxf4 exf4 36. Kf3 Bxb2 37. Re7 Be5 38. Rxc7 Rh5 39. Rxb7 Rh3+ 40. Kg4 Rxh2 41. Nc6 Rg2+ 42. Kf3 Rg3+ 43. Kf2 Rc3 44. Nxe5 dxe5 45. d6 Rd3 46. d7 Kf8 47. c5 Ke7 48. c6 1-0


[Site "https://www.chess.com"]

[Event "Titled Tuesday Blitz June 6 Early 2023"]
[White "Boyer, Mahel"]
[Black "Shapiro, Daniel"]
[WhiteFideId "45102422"]
[BlackFideId "2001780"]
[WhiteElo "2439"]
[BlackElo "2377"]
[Result "0-1"]
[Round "2"]
[TimeControl "180+2"]
[Date "2023.06.06"]
[WhiteClock "0:00:01"]
[BlackClock "0:00:09"]
[Board "126"]

1. e4 e5 2. Nf3 Nc6 3. Bc4 Be7 4. O-O Nf6 5. Re1 O-O 6. c3 d6 7. d4 Bg4 8. dxe5 Nxe5 9. Be2 Nc6 10. h3 Bh5 11. Nbd2 a6 12. Nh2 Bg6 13. Bf1 Re8 14. Ng4 Bf8 15. Nxf6+ Qxf6 16. Bd3 Rad8 17. Bc2 d5 18. Qf3 Bc5 19. Qxf6 gxf6 20. Nb3 Bb6 21. Be3 Bxe4 22. Bxb6 cxb6 23. Bd1 Ne5 24. Be2 Nc4 25. Bxc4 dxc4 26. Nd4 Bd3 27. f3 b5 28. Kf2 Re5 29. g4 b4 30. f4 Red5 31. Re3 bxc3 32. bxc3 b5 33. Rae1 b4 34. Re8+ Rxe8 35. Rxe8+ Kg7 36. Nc6 bxc3 37. Ne7 c2 38. Rg8+ Kh6 39. Nxd5 c1=Q 40. g5+ Kh5 0-1


[Site "https://www.chess.com"]

[Event "Titled Tuesday Blitz June 6 Early 2023"]
[White "FREDERICKtheMATE"]
[Black "Dimitrov, Atanas"]
[BlackFideId "2901315"]
[WhiteElo "2374"]
[BlackElo "2705"]
[Result "0-1"]
[Round "2"]
[TimeControl "180+2"]
[Date "2023.06.06"]
[WhiteClock "0:01:46"]
[BlackClock "0:01:07"]
[Board "127"]

1. Nf3 d5 2. g3 Nf6 3. Bg2 c5 4. O-O Nc6 5. d3 e5 6. c4 d4 7. Nbd2 Bd6 8. Ne4 Nxe4 9. dxe4 O-O 10. Ne1 Be6 11. b3 a6 12. a4 b5 13. axb5 axb5 14. Rxa8 Qxa8 15. cxb5 Na5 16. b4 cxb4 17. Nd3 Bc4 18. Bd2 b3 19. Qa1 Nb7 20. Qb2 Qa2 21. Rb1 Ra8 22. Bc1 f6 23. f4 Qxb2 24. Bxb2 Bxb5 25. Bh3 Kf7 26. fxe5 fxe5 27. Kf2 Bxd3 28. exd3 Nc5 29. Bf1 Ra2 30. Ke1 Na4 31. Bc1 Bb4+ 32. Kd1 Nc3+ 33. Ke1 Nxb1+ 34. Kd1 Rxh2 0-1


[Site "https://www.chess.com"]

[Event "Titled Tuesday Blitz June 6 Early 2023"]
[White "Matinian, Nikita"]
[Black "zsizsi99"]
[WhiteFideId "24129100"]
[WhiteElo "2422"]
[BlackElo "2373"]
[Result "0-1"]
[Round "2"]
[TimeControl "180+2"]
[Date "2023.06.06"]
[WhiteClock "0:00:01"]
[BlackClock "0:00:17"]
[Board "128"]

1. e4 c5 2. Nf3 d6 3. d4 cxd4 4. Nxd4 Nf6 5. Nc3 a6 6. Be2 e5 7. Nb3 Be7 8. f4 O-O 9. O-O Nbd7 10. Kh1 b6 11. Bd3 Bb7 12. Qf3 Nc5 13. Nxc5 bxc5 14. fxe5 dxe5 15. Bg5 Nd7 16. Bxe7 Qxe7 17. Rae1 Nb6 18. Qh3 c4 19. Be2 Rad8 20. a4 Qb4 21. Rf3 Nxa4 22. Rb1 Rd2 23. Qg4 Bc8 24. Qg5 Rxc2 25. Nd5 Qd2 26. Qe7 Qxe2 27. Nf6+ gxf6 28. Rg3+ Bg4 29. h3 h5 30. Rg1 Kg7 31. Kh2 Qxe4 32. Rf1 Qg6 33. hxg4 h4 34. Rh3 Nxb2 35. Rxh4 Nd3 36. Rf3 Nf4 37. Rg3 Rh8 38. Rxh8 Kxh8 39. Qf8+ Kh7 40. Rf3 Rxg2+ 41. Kh1 Qh6+ 42. Qxh6+ Kxh6 43. g5+ Kxg5 44. Rxf4 Kxf4 45. Kxg2 c3 0-1


[Site "https://www.chess.com"]

[Event "Titled Tuesday Blitz June 6 Early 2023"]
[White "Fajdetic, Hrvoje"]
[Black "De La Colina, Nicolas"]
[WhiteFideId "14501945"]
[BlackFideId "30946921"]
[WhiteElo "2185"]
[BlackElo "2046"]
[Result "1-0"]
[Round "2"]
[TimeControl "180+2"]
[Date "2023.06.06"]
[WhiteClock "0:00:07"]
[BlackClock "0:00:01"]
[Board "129"]

1. d4 Nf6 2. Bf4 e6 3. e3 c5 4. Nd2 b6 5. Nc4 d5 6. Ne5 a6 7. c3 Bb7 8. Ngf3 Be7 9. Bd3 O-O 10. g4 Nc6 11. Nxc6 Bxc6 12. Ne5 Bb7 13. g5 Ne4 14. h4 f6 15. Nf3 Bd6 16. Bxd6 Nxd6 17. Rg1 Kh8 18. Nh2 f5 19. Nf3 Qe7 20. Ne5 Nf7 21. Nxf7+ Qxf7 22. f4 Qe7 23. Qe2 b5 24. Kf2 Rac8 25. Rac1 Rc7 26. Rc2 Rfc8 27. Rcc1 Kg8 28. Rg3 Qd6 29. h5 cxd4 30. exd4 Qxf4+ 31. Rf3 Qxc1 32. Qxe6+ Kh8 33. Qxf5 Qd2+ 34. Kg3 Qe1+ 35. Kh3 g6 36. Qf6+ Rg7 37. h6 Qh1+ 38. Kg4 Qg2+ 39. Rg3 Qd2 40. Qxg7# 1-0


[Site "https://www.chess.com"]

[Event "Titled Tuesday Blitz June 6 Early 2023"]
[White "Korpics, Zsolt"]
[Black "Malek, Jan"]
[WhiteFideId "705241"]
[BlackFideId "21864080"]
[WhiteElo "2368"]
[BlackElo "2255"]
[Result "0-1"]
[Round "2"]
[TimeControl "180+2"]
[Date "2023.06.06"]
[WhiteClock "0:00:01"]
[BlackClock "0:01:22"]
[Board "130"]

1. e4 c6 2. Nf3 d5 3. Nc3 Nf6 4. e5 Ne4 5. Ne2 f5 6. d3 Nc5 7. b4 Ne6 8. g3 Qb6 9. c3 a5 10. Be3 Qc7 11. d4 Nd7 12. h4 Nb6 13. h5 Nc4 14. Qd3 axb4 15. cxb4 Ra3 16. Qc2 Qb6 17. Rb1 Nxe3 18. fxe3 Rxe3 19. Kf2 Rxf3+ 20. Kxf3 Qxd4 21. Bh3 Qxe5 22. Kg2 Ng5 23. Nf4 Ne4 24. Rhe1 g5 25. Ne2 g4 26. b5 gxh3+ 27. Kh2 Rg8 28. Rg1 c5 29. Rbe1 e6 30. Rd1 Bd6 31. Nf4 Rxg3 32. Rxg3 Qxf4 0-1


[Site "https://www.chess.com"]

[Event "Titled Tuesday Blitz June 6 Early 2023"]
[White "Sovetbekova, Nurai"]
[Black "Veiga, Jose Francisco R P Neves"]
[WhiteFideId "13801910"]
[BlackFideId "1930087"]
[WhiteElo "1857"]
[BlackElo "2319"]
[Result "1-0"]
[Round "2"]
[TimeControl "180+2"]
[Date "2023.06.06"]
[WhiteClock "0:00:11"]
[BlackClock "0:00:39"]
[Board "131"]

1. d4 Nf6 2. c4 g6 3. Nc3 d5 4. cxd5 Nxd5 5. Bd2 Nb6 6. e4 Bg7 7. Be3 O-O 8. h3 Nc6 9. Nf3 e5 10. d5 Ne7 11. Be2 Bd7 12. O-O Nec8 13. Qd2 Nd6 14. b3 f5 15. exf5 Bxf5 16. Bh6 Qe7 17. Rfe1 e4 18. Nd4 Rad8 19. Bxg7 Qxg7 20. Bd1 Ndc4 21. bxc4 Nxc4 22. Nxf5 gxf5 23. Qc1 Rf6 24. Ne2 Ne5 25. Nf4 Rd7 26. Nh5 Nd3 27. Nxg7 Nxc1 28. Rxc1 Kxg7 29. Bb3 Rfd6 30. f3 exf3 31. gxf3 Kf6 32. Re6+ Rxe6 33. dxe6 Rg7+ 34. Kf2 c6 35. Rd1 a5 36. Rd7 Rxd7 37. exd7 Ke7 38. Be6 f4 39. Ke2 b5 40. Kd3 c5 41. Kc3 h5 42. h4 Kd8 43. Bf5 Ke7 44. Bd3 c4 45. Bf5 Kd8 46. a4 bxa4 47. Kxc4 a3 48. Kb3 a2 49. Kxa2 Ke7 50. Ka3 1-0


[Site "https://www.chess.com"]

[Event "Titled Tuesday Blitz June 6 Early 2023"]
[White "Shuvalova, Polina"]
[Black "Joshi, Pankaj"]
[WhiteFideId "24171760"]
[BlackFideId "5006210"]
[WhiteElo "2281"]
[BlackElo "2365"]
[Result "1-0"]
[Round "2"]
[TimeControl "180+2"]
[Date "2023.06.06"]
[WhiteClock "0:02:06"]
[BlackClock "0:00:37"]
[Board "132"]

1. e4 d5 2. exd5 Nf6 3. d4 Bg4 4. Be2 Bxe2 5. Qxe2 Qxd5 6. Nf3 Qh5 7. O-O e6 8. c4 Bd6 9. Nc3 Nbd7 10. h3 O-O 11. Be3 c6 12. Rad1 Rfd8 13. Rfe1 Nf8 14. Bg5 Qg6 15. Ne4 Be7 16. Ne5 Qf5 17. g4 Qxe4 18. Qxe4 Nxe4 19. Bxe7 Rd7 20. Bxf8 1-0


[Site "https://www.chess.com"]

[Event "Titled Tuesday Blitz June 6 Early 2023"]
[White "Belov, Alexei"]
[Black "Alahakoon, Isuru"]
[WhiteFideId "4128206"]
[BlackFideId "9900993"]
[WhiteElo "2647"]
[BlackElo "1819"]
[Result "1-0"]
[Round "2"]
[TimeControl "180+2"]
[Date "2023.06.06"]
[WhiteClock "0:00:24"]
[BlackClock "0:00:02"]
[Board "133"]

1. e4 d5 2. exd5 Qxd5 3. Nc3 Qa5 4. Nf3 Nf6 5. d4 Bg4 6. h3 Bh5 7. g4 Bg6 8. Ne5 e6 9. Bg2 c6 10. Qe2 Bb4 11. Bd2 Nbd7 12. Nc4 Qa6 13. a3 Be7 14. Bf4 O-O-O 15. Nd6+ Bxd6 16. Qxa6 bxa6 17. Bxd6 Nb6 18. Be5 Nbd5 19. Na4 Nd7 20. O-O-O Nxe5 21. dxe5 Kc7 22. Rd4 Nb6 23. Rxd8 Rxd8 24. Nc5 a5 25. Ne4 Rd4 26. Re1 Bxe4 27. Rxe4 Rd7 28. c4 g5 29. Kc2 Nc8 30. f4 gxf4 31. Rxf4 Nb6 32. Bf3 Nc8 33. Kc3 Nb6 34. g5 Na4+ 35. Kc2 Nc5 36. Rh4 Nd3 37. Be4 Nxe5 38. Rxh7 Nxc4 39. h4 Ne3+ 40. Kc3 1-0


[Site "https://www.chess.com"]

[Event "Titled Tuesday Blitz June 6 Early 2023"]
[White "Chernobay, Artem"]
[Black "Manon-og, Ramon Jr."]
[WhiteFideId "4167406"]
[BlackFideId "5200776"]
[WhiteElo "2474"]
[BlackElo "2361"]
[Result "1-0"]
[Round "2"]
[TimeControl "180+2"]
[Date "2023.06.06"]
[WhiteClock "0:00:16"]
[BlackClock "0:00:35"]
[Board "134"]

1. d4 Nf6 2. c4 g6 3. Nc3 d5 4. cxd5 Nxd5 5. e4 Nxc3 6. bxc3 c5 7. Bc4 Bg7 8. Ne2 O-O 9. O-O Nc6 10. Be3 Bg4 11. f3 Na5 12. Bd3 cxd4 13. cxd4 Be6 14. d5 Bxa1 15. Qxa1 f6 16. Bh6 Re8 17. Rd1 Bd7 18. Kh1 Ba4 19. Rb1 Rc8 20. Nf4 Bc2 21. Bxc2 Rxc2 22. e5 g5 23. exf6 exf6 24. Nh5 Rce2 25. Bxg5 Qe7 26. Nxf6+ Kf7 27. h4 Re1+ 28. Kh2 Qe5+ 29. Qxe5 R8xe5 30. Rb2 h6 31. Bd2 Kxf6 32. Bxa5 R1e2 33. Bc3 Rxb2 34. Bxb2 Kf5 35. g4+ Kf6 36. f4 b5 37. Bxe5+ Ke7 38. g5 a5 39. gxh6 1-0


[Site "https://www.chess.com"]

[Event "Titled Tuesday Blitz June 6 Early 2023"]
[White "Hoffmann, Asa"]
[Black "Orlov, Georgi"]
[WhiteFideId "2001470"]
[BlackFideId "2011271"]
[WhiteElo "2117"]
[BlackElo "2641"]
[Result "1/2-1/2"]
[Round "2"]
[TimeControl "180+2"]
[Date "2023.06.06"]
[WhiteClock "0:00:35"]
[BlackClock "0:00:26"]
[Board "135"]

1. d4 Nf6 2. Bg5 g6 3. Nc3 Bg7 4. e4 d6 5. f3 c6 6. Qd2 h6 7. Be3 b5 8. Bd3 h5 9. Nge2 Bb7 10. a4 b4 11. Nd1 a5 12. c3 bxc3 13. bxc3 Ba6 14. Nf2 Bxd3 15. Nxd3 O-O 16. O-O Nbd7 17. Bh6 Rb8 18. Rab1 Qc7 19. Bxg7 Kxg7 20. Qg5 Nh7 21. Qg3 Rxb1 22. Rxb1 Rb8 23. Rf1 Nb6 24. Nef4 Kh8 25. Nxg6+ fxg6 26. Qxg6 Rg8 27. Qxh5 Nc4 28. Nf4 Qc8 29. Ng6+ Rxg6 30. Qxg6 Qg8 31. Qxg8+ Kxg8 32. Rb1 Kf7 33. Kf2 d5 34. Ke2 Nf6 35. Kd3 Ke6 36. h4 Nh5 37. Rb8 Nf4+ 38. Kc2 Ne3+ 39. Kd2 Nexg2 40. Ra8 Nxh4 41. Rxa5 Nfg6 42. Ke3 Ng2+ 43. Kf2 N2f4 44. Ke3 Ng2+ 45. Kd3 N2f4+ 46. Kd2 Kd6 47. Ra8 Kc7 48. a5 Kb7 49. Rg8 Ka6 50. Rc8 Kb7 51. Rg8 Ka6 52. Rc8 Kb7 53. Rg8 1/2-1/2


[Site "https://www.chess.com"]

[Event "Titled Tuesday Blitz June 6 Early 2023"]
[White "Gubajdullin, Alexei"]
[Black "Hinds, Nathan"]
[WhiteFideId "4141202"]
[BlackFideId "7400730"]
[WhiteElo "2279"]
[BlackElo "2001"]
[Result "1-0"]
[Round "2"]
[TimeControl "180+2"]
[Date "2023.06.06"]
[WhiteClock "0:00:50"]
[BlackClock "0:01:04"]
[Board "136"]

1. d4 Nf6 2. Nf3 e6 3. Bf4 b6 4. e3 Be7 5. h3 O-O 6. Be2 d5 7. O-O Ba6 8. Bxa6 Nxa6 9. a4 c5 10. a5 b5 11. dxc5 Nxc5 12. Nc3 a6 13. Ne5 Rc8 14. Ne2 Nfe4 15. Nd4 Bf6 16. f3 Nd6 17. b3 Bxe5 18. Bxe5 Qe7 19. Qd2 f6 20. Bg3 Rfd8 21. Qb4 e5 22. Ne2 Nf5 23. Bf2 Ne6 24. Qg4 Nh6 25. Qh5 Rxc2 26. Ng3 Qf7 27. Qh4 Rdc8 28. Rad1 Nf8 29. f4 Ng6 30. Qh5 exf4 31. exf4 Nxf4 32. Qf3 Ng6 33. Qxd5 Qxd5 34. Rxd5 Ne5 35. Rd6 R2c6 36. Rfd1 Nhf7 37. Rxc6 Rxc6 38. Nf5 Rc7 39. Bb6 Rb7 40. Rc1 g6 41. Rc8+ Nd8 42. Rxd8+ Kf7 43. Nd6+ Ke7 44. Nxb7 1-0


[Site "https://www.chess.com"]

[Event "Titled Tuesday Blitz June 6 Early 2023"]
[White "Goswami, Vedant"]
[Black "Domingo Nunez, Alejandro"]
[WhiteFideId "5003725"]
[BlackFideId "22245561"]
[WhiteElo "2011"]
[BlackElo "2291"]
[Result "0-1"]
[Round "2"]
[TimeControl "180+2"]
[Date "2023.06.06"]
[WhiteClock "0:00:11"]
[BlackClock "0:01:07"]
[Board "137"]

1. b3 d6 2. d4 Nd7 3. Bb2 Ngf6 4. Nf3 g6 5. e3 Bg7 6. Be2 O-O 7. O-O c5 8. dxc5 Nxc5 9. c4 Rb8 10. Nbd2 a6 11. b4 Ne6 12. Qb3 Bd7 13. Rfd1 b5 14. Rac1 Qb6 15. a3 a5 16. cxb5 Bxb5 17. bxa5 Qxa5 18. Bc3 Qa6 19. Bxb5 Rxb5 20. Bb4 Nd5 21. Nc4 Nxb4 22. axb4 Rfb8 23. Qd3 Rxb4 24. h3 Nc5 25. Qd5 Nb3 26. Rc2 R8b5 27. Qd3 Rc5 28. Nfd2 Nxd2 29. Rdxd2 Rbxc4 0-1


[Site "https://www.chess.com"]

[Event "Titled Tuesday Blitz June 6 Early 2023"]
[White "Polanco Nunez, Yoel Estarling"]
[Black "Manukyan, Sargis A."]
[WhiteFideId "6401783"]
[BlackFideId "13303970"]
[WhiteElo "2132"]
[BlackElo "2187"]
[Result "1-0"]
[Round "2"]
[TimeControl "180+2"]
[Date "2023.06.06"]
[WhiteClock "0:00:50"]
[BlackClock "0:01:38"]
[Board "138"]

1. c4 Nf6 2. Nf3 e6 3. g3 b6 4. Bg2 Bb7 5. O-O Be7 6. b3 O-O 7. Bb2 a5 8. Nc3 h6 9. e3 Na6 10. Qe2 d5 11. d4 c5 12. Rac1 cxd4 13. exd4 dxc4 14. bxc4 Nb4 15. Rfd1 a4 16. a3 Nc6 17. Nb5 Na5 18. d5 exd5 19. Ne5 Nb3 20. Rc2 Re8 21. cxd5 Bc5 22. Qd3 Ba6 23. Nc6 Qd7 24. Bxf6 gxf6 25. Bf1 Qg4 26. Re2 Rxe2 27. Bxe2 Qg6 28. Qf3 Bxb5 29. Bxb5 Bxa3 30. d6 Bxd6 31. Rxd6 a3 32. Ne7+ Kh7 33. Nxg6 a2 34. Rd1 Ra3 35. Qxf6 a1=Q 36. Rxa1 Rxa1+ 37. Kg2 fxg6 38. Bc4 Ra7 39. Bxb3 Rg7 40. Bc2 b5 41. h4 h5 42. Qg5 b4 43. Qxh5+ Kg8 44. Bb3+ Kf8 45. Qc5+ Re7 46. Qxb4 g5 47. Qxe7+ Kxe7 48. hxg5 Kf8 49. f4 Kg7 50. Kf3 Kg6 51. g4 Kg7 52. f5 Kf8 53. Kf4 Kg7 54. f6+ Kh7 55. Kf5 Kh8 56. Bd1 Kh7 57. g6+ Kh8 58. g7+ Kh7 59. g5 Kg8 60. Bb3+ Kh7 61. g8=Q# 1-0


[Site "https://www.chess.com"]

[Event "Titled Tuesday Blitz June 6 Early 2023"]
[White "Perez, Maximiliano"]
[Black "Shtompel, Yuriy"]
[WhiteFideId "117234"]
[BlackFideId "14168278"]
[WhiteElo "2334"]
[BlackElo "1844"]
[Result "1-0"]
[Round "2"]
[TimeControl "180+2"]
[Date "2023.06.06"]
[WhiteClock "0:00:19"]
[BlackClock "0:00:13"]
[Board "139"]

1. e4 c5 2. Nf3 d6 3. d4 cxd4 4. Nxd4 Nf6 5. Nc3 a6 6. Be2 e6 7. O-O Be7 8. a4 Nbd7 9. a5 O-O 10. Be3 Qc7 11. f3 Ne5 12. Na4 Nfd7 13. Nb3 Nc4 14. Bxc4 Qxc4 15. Nd4 Bf6 16. c3 d5 17. b3 Qc7 18. exd5 exd5 19. Ne2 Re8 20. Bf2 Qe5 21. Re1 Qg5 22. f4 Qg6 23. Ng3 Rxe1+ 24. Qxe1 Nf8 25. Qe8 Rb8 26. Bc5 1-0


[Site "https://www.chess.com"]

[Event "Titled Tuesday Blitz June 6 Early 2023"]
[White "Andrews, Todd"]
[Black "Girya, Olga"]
[WhiteFideId "2012456"]
[BlackFideId "4195752"]
[WhiteElo "2145"]
[BlackElo "2263"]
[Result "0-1"]
[Round "2"]
[TimeControl "180+2"]
[Date "2023.06.06"]
[WhiteClock "0:00:01"]
[BlackClock "0:00:09"]
[Board "140"]

1. e4 e5 2. Nf3 Nc6 3. Nc3 Nf6 4. Bb5 Bb4 5. d3 O-O 6. O-O Bxc3 7. bxc3 d6 8. h3 Ne7 9. Ba4 Ng6 10. Bg5 h6 11. Be3 d5 12. Bc5 dxe4 13. dxe4 Nxe4 14. Bxf8 Qxf8 15. Qd3 Nc5 16. Qc4 Be6 17. Qb4 a5 18. Qa3 Bd5 19. Nd2 Nf4 20. f3 Qd6 21. Rf2 b6 22. Re1 Qg6 23. Kh2 f6 24. c4 Bb7 25. Bb5 h5 26. g3 Nfe6 27. Qe3 Nd4 28. Ne4 Bxe4 29. fxe4 c6 30. c3 Nxb5 31. cxb5 cxb5 32. Rd2 Rc8 33. Rd6 Na4 34. Rd3 Qf7 35. Qd2 Kh7 36. h4 Qe6 37. Rb1 Qc4 38. Rd1 Nxc3 39. Rc1 b4 40. Rd7 Qxe4 41. Qf2 Qg6 42. Qxb6 Ne4 43. Rxc8 Qxg3+ 44. Kh1 Nf2+ 45. Qxf2 Qxf2 46. Rcc7 Qxh4+ 47. Kg2 Qg4+ 48. Kh2 e4 49. Re7 h4 50. Rc4 Qg3+ 51. Kh1 e3 52. Ree4 Qf3+ 53. Kh2 Qg3+ 54. Kh1 Qf3+ 55. Kh2 Qf2+ 56. Kh1 e2 57. Rxh4+ Kg8 58. Rc8+ Kf7 59. Rc7+ Kg6 60. Rg4+ Kf5 61. Rg1 e1=Q 62. Rc5+ Ke6 0-1


[Site "https://www.chess.com"]